 Dungeon Crawl Stone Soup version 0.17.0 (webtiles) character file.

12410 Eucla the Cleaver (level 11, -6/102 HPs)
             Began as a Minotaur Gladiator on Nov 12, 2015.
             Was a Priest of Yredelemnul.
             Mangled by a 13-headed hydra (13 damage)
             ... on level 1 of the Lair of Beasts.
             The game lasted 00:16:33 (8935 turns).

Eucla the Cleaver (Minotaur Gladiator)              Turns: 8935, Time: 00:16:33

Health: -6/102     AC: 24    Str: 20    XL:     11   Next: 62%
Magic:  10/10      EV: 17    Int:  5    God:    Yredelemnul [***...]
Gold:   195        SH:  0    Dex: 17    Spells: 0 memorised, 10 levels left

rFire  . . .     SeeInvis .     a - +1 war axe
rCold  . . .     Clarity  .     V - +11 scale mail of Orthodoxy {rPois}
rNeg   + . .     SustAt   .     (no shield)
rPois  +         Gourm    .     c - +0 hat
rElec  .         Spirit   .     p - +0 cloak
rCorr  .         Warding  .     K - +0 pair of gloves {Dex+3}
rMut   .         Stasis   .     k - +0 pair of boots
MR     .....                    J - amulet of faith
Stlth  ..........               Q - +3 ring of slaying
                                T - ring of positive energy

@: injury mirror, not resistant to hostile enchantments, extremely unstealthy
A: retaliatory headbutt, horns 2
a: Recall Undead Slaves, Injury Mirror, Animate Dead, Renounce Religion


You were on level 1 of the Lair of Beasts.
You worshipped Yredelemnul.
Yredelemnul was most pleased with you.
You were very hungry.

You visited 2 branches of the dungeon, and saw 11 of its levels.
You also visited: Ossuary.

You collected 465 gold pieces.
You spent 270 gold pieces at shops.

Inventory:

Hand Weapons
 a - a +1 war axe (weapon)
 C - a +1 war axe of distortion
Missiles
 d - 2 throwing nets (quivered)
Armour
 b - a +0 leather armour
 c - a +0 hat (worn)
 f - a +0 ring mail
 k - a +0 pair of boots (worn)
 p - a +0 cloak (worn)
 r - the +1 scale mail of Sif Muna's Benevolence {Int+2}
   (You bought it in a shop on level 7 of the Dungeon)

   It affects your intelligence (+2).
 K - a +0 pair of gloves of dexterity (worn)
 V - the +11 scale mail of Orthodoxy (worn) {rPois}
   (You took it off a kobold on level 9 of the Dungeon)

   It protects you from poison.
Jewellery
 s - an uncursed ring of flight
 J - an amulet of faith (around neck)
 M - an uncursed ring of see invisible
 Q - a +3 ring of slaying (right hand)
 T - a ring of positive energy (left hand)
Wands
 y - a wand of draining (7)
 E - a wand of random effects (33)
 W - a wand of random effects (26)
 Y - a wand of fireball (2)
Scrolls
 g - 3 scrolls of magic mapping
 h - 4 scrolls of enchant weapon
 i - 5 scrolls of amnesia
 j - 6 scrolls of teleportation
 l - 2 scrolls of remove curse
 v - 2 scrolls of blinking
 x - 2 scrolls of enchant armour
 G - 2 scrolls of fear
Potions
 q - 3 potions of agility
 t - 4 potions of heal wounds
 u - 8 potions of curing
 z - 2 potions of mutation
 A - a potion of brilliance
 B - 5 potions of haste
 D - a potion of cure mutation
 F - 2 potions of magic
 H - a potion of poison
 I - a potion of ambrosia
 N - a potion of degeneration
 O - 2 potions of lignification
 U - 2 potions of might
Books
 S - a book of the Dragon

   Spells                             Type                      Level
   a - Flame Tongue                   Conjuration/Fire             1
   b - Cause Fear                     Hexes                        4
   c - Bolt of Fire                   Conjuration/Fire             6
   d - Dragon Form                    Transmutation                7
   e - Dragon's Call                  Summoning                    9
Comestibles
 e - 11 bread rations
 n - 6 meat rations
 L - 2 slices of pizza
 R - a beef jerky
 X - 5 fruits


   Skills:
 + Level 11.3 Fighting
 + Level 11.7 Axes
 - Level 2.0 Throwing
 + Level 11.1 Armour
 + Level 10.7 Dodging


You had 10 spell levels left.
You didn't know any spells.

Dungeon Overview and Level Annotations

Branches:
Dungeon (10/15)            Temple (0/1) D:5            Lair (1/8) D:10
    Orc: D:9-12

Altars:
Dithmenos
Fedhas
Kikubaaqudgha
Nemelex Xobeh
Xom
Yredelemnul
Zin

Shops:
D:7 [


Innate Abilities, Weirdness & Mutations

You reflexively headbutt those who attack you in melee.
You have a pair of horns on your head.


Message History

The 12-headed hydra bites you.
* * * LOW HITPOINT WARNING * * *
Yredelemnul mirrors your injury!
The 12-headed hydra is almost dead.
The 12-headed hydra closely misses you. The 12-headed hydra barely misses you.
Unknown command.
Unknown command.
You hack one of the 12-headed hydra's heads off!
The 11-headed hydra grows two more!
You hit the 13-headed hydra.
The 13-headed hydra is almost dead.
The 13-headed hydra bites you!
* * * LOW HITPOINT WARNING * * *
Yredelemnul mirrors your injury!
The 13-headed hydra is almost dead.
The 13-headed hydra bites you but does no damage.
The 13-headed hydra closely misses you.
The 13-headed hydra bites you but does no damage.
The 13-headed hydra bites you!
You die...
Your body rises from the dead as a mindless zombie.

# #### ##.####.P#
.........###
.........#.## ### ####
............######P###..#
.........#...##........##
.........#P..##........#
.........###..#........#
.........# ##tD@.......#
##...###.# ###........#
#..## ### #####.'### #..
#..# # ##.## .# ##Z.#
##.#####P #..##
.......... #.##
........... #.##


You could see a 13-headed hydra and a crocodile.

Vanquished Creatures
  A hydra (D:10)
  Erica (D:8)
  A tengu warrior (D:9)
  The ghost of tengen the Spear-Bearer, a novice OpGl of Yredelemnul (D:8)
  Joseph (D:8)
  A centaur zombie (D:10)
  4 spiny frogs (Lair:1)
  2 komodo dragons (Lair:1)
  A two-headed ogre (D:6)
  Grinder (D:6)
  The ghost of tengen the Poker, an amateur OpGl (D:4)
  Sigmund (D:6)
  10 yaks
  A hungry ghost (D:9)
  Eustachio (D:6)
  2 basilisks (D:10)
  A human (D:2)
  A hippogriff (Lair:1)
  Menkaure (D:6)
  2 water moccasins (Lair:1)
  5 porcupines
  A black bear (D:4)
  2 ogres
  3 sky beasts
  5 centaurs
  5 crocodiles (D:10)
  A big kobold (D:9)
  Blork the orc (D:5)
  5 giant frogs
  4 scorpions
  18 killer bees
  5 hounds
  3 crimson imps
  2 quasits (D:8)
  2 jellies
  A giant frog skeleton (D:8)
  2 orc wizards
  2 orc priests
  A porcupine zombie (D:10)
  Jessica (D:2)
  4 worker ants
  3 iguanas
  4 big kobold zombies (Ossuary)
  A hound zombie (D:7)
  2 hound skeletons
  A mummy (Ossuary)
  2 worker ant zombies
  8 adders
  14 river rats
  3 gnolls
  A shadow imp (D:8)
  2 oozes
  An adder zombie (D:2)
  An adder skeleton (D:4)
  A worm (D:4)
  3 giant geckos
  13 orcs
  7 spectral bats (Ossuary)
  6 bats
  3 bat simulacra (Ossuary)
  3 bat zombies (D:3)
  5 giant cockroaches
  8 gnoll zombies (Ossuary)
  3 hobgoblins
  12 kobolds
  3 quokkas
  A ball python (D:2)
  A giant gecko zombie (D:2)
  5 giant newts
  5 goblins
  3 goblin simulacra (Ossuary)
  A goblin skeleton (D:2)
  5 goblin zombies (Ossuary)
  4 hobgoblin zombies (Ossuary)
  8 jackals
  A jackal skeleton (D:5)
  3 kobold simulacra (Ossuary)
  2 kobold zombies (Ossuary)
  5 orc zombies (Ossuary)
  A quokka skeleton (D:5)
  A quokka zombie (D:6)
  7 rats
  4 rat simulacra (Ossuary)
  A rat zombie (D:3)
  5 spectral goblins (Ossuary)
  2 spectral kobolds (Ossuary)
  2 spectral rats (Ossuary)
  2 toadstools (D:1)
287 creatures vanquished.

Vanquished Creatures (collateral kills)
  A basilisk (D:10)
  A centaur (D:8)
  An ogre (D:9)
  A giant frog skeleton (D:10)
  2 hounds
  An iguana (D:9)
  A worker ant (D:7)
  3 river rats (Lair:1)
  2 shadow imps
  A giant gecko (D:9)
  A rat (D:10)
  A fungus (Lair:1)
16 creatures vanquished.

Vanquished Creatures (others)
  3 flying skulls (D:10)
  3 spiny frog zombies (Lair:1)
  2 komodo dragon zombies (Lair:1)
  A water moccasin zombie (Lair:1)
  A hippogriff zombie (Lair:1)
  A yak skeleton (D:9)
  A basilisk zombie (D:10)
  2 crocodile zombies (D:10)
  A hound zombie (D:6)
  A human zombie (D:6)
  An adder zombie (D:6)
  4 river rat zombies
  A hobgoblin zombie (Ossuary)
  An orc zombie (Ossuary)
  A rat zombie (D:10)
  2 toadstools (D:1)
26 creatures vanquished.

Grand Total: 329 creatures vanquished

Notes
Turn   | Place    | Note
--------------------------------------------------------------
     0 | D:1      | Eucla the Minotaur Gladiator began the quest for the Orb.
     0 | D:1      | Reached XP level 1. HP: 18/18 MP: 0/0
   287 | D:1      | Reached XP level 2. HP: 23/25 MP: 1/1
   483 | D:2      | Reached skill level 1 in Armour
   665 | D:2      | Reached skill level 4 in Axes
   665 | D:2      | Reached XP level 3. HP: 29/31 MP: 2/2
   712 | D:2      | Noticed Jessica
   741 | D:2      | Killed Jessica
   748 | D:1      | Reached XP level 4. HP: 24/38 MP: 3/3
  1222 | D:2      | Found a runed door.
  1222 | D:2      | Noticed a human
  1238 | D:2      | Found a basalt altar of Yredelemnul.
  1266 | D:2      | Killed a human
  1266 | D:2      | Reached skill level 5 in Axes
  1266 | D:2      | Reached XP level 5. HP: 14/46 MP: 4/4
  1285 | D:2      | Became a worshipper of Yredelemnul the Dark
  1433 | D:2      | Found a glowing silver altar of Zin.
  1590 | D:3      | Reached XP level 6. HP: 52/52 MP: 5/5
  1947 | D:3      | Found a blossoming altar of Fedhas.
  2045 | D:3      | Found an ancient bone altar of Kikubaaqudgha.
  2510 | D:4      | Reached * piety under Yredelemnul
  2543 | D:4      | Noticed tengen's ghost (amateur OpGl)
  2570 | D:3      | Reached skill level 5 in Dodging
  2791 | D:4      | Killed tengen's ghost
  2791 | D:4      | Reached skill level 5 in Fighting
  2791 | D:4      | Reached XP level 7. HP: 57/61 MP: 6/6
  2861 | D:4      | Found a sparkling altar of Nemelex Xobeh.
  3018 | D:4      | Reached skill level 6 in Axes
  3206 | D:5      | Entered Level 5 of the Dungeon
  3303 | D:5      | Found a staircase to the Ecumenical Temple.
  3320 | D:5      | Noticed Blork the orc
  3327 | D:5      | Killed Blork the orc
  3327 | D:5      | Reached skill level 5 in Armour
  3353 | D:5      | Found a sand-covered staircase.
  3374 | Ossuary  | Entered an ossuary
  3859 | D:5      | Reached XP level 8. HP: 58/70 MP: 7/7
  4271 | D:6      | Noticed Sigmund
  4285 | D:6      | Killed Sigmund
  4327 | D:6      | Reached skill level 7 in Axes
  4346 | D:6      | Noticed Menkaure
  4351 | D:6      | Killed Menkaure
  4629 | D:6      | Noticed Eustachio
  4639 | D:6      | Killed Eustachio
  4663 | D:6      | Noticed Grinder
  4675 | D:6      | Killed Grinder
  4771 | D:6      | Noticed a two-headed ogre
  4782 | D:6      | Your ally Eustachio died
  4787 | D:6      | Killed a two-headed ogre
  4787 | D:6      | Reached XP level 9. HP: 31/79 MP: 8/8
  5086 | D:6      | Reached skill level 8 in Axes
  5442 | D:7      | HP: 4/81 [poisoned by a killer bee]
  5770 | D:7      | Found Dargh's Antique Armour Shop.
  5780 | D:7      | Bought a crude scale mail for 270 gold pieces
  5790 | D:7      | Identified the +1 scale mail of Sif Muna's Benevolence {Int+2} (You bought it in a shop on level 7 of the Dungeon)
  6236 | D:8      | Reached ** piety under Yredelemnul
  6237 | D:8      | Found a shimmering altar of Xom.
  6248 | D:8      | Noticed tengen's ghost (novice OpGl)
  6268 | D:8      | Killed tengen's ghost
  6268 | D:8      | Reached skill level 9 in Axes
  6366 | D:8      | Noticed Erica
  6389 | D:8      | Killed Erica
  6389 | D:8      | Reached XP level 10. HP: 64/91 MP: 9/9
  7045 | D:8      | Noticed Joseph
  7061 | D:8      | Killed Joseph
  7397 | D:9      | Reached skill level 10 in Axes
  7497 | D:9      | Noticed a tengu warrior
  7523 | D:9      | Killed a tengu warrior
  7523 | D:9      | Reached skill level 10 in Fighting
  7532 | D:9      | Reached *** piety under Yredelemnul
  7542 | D:9      | Got an opal-encrusted scale mail
  7553 | D:9      | Identified the +11 scale mail of Orthodoxy {rPois} (You took it off a kobold on level 9 of the Dungeon)
  7667 | D:9      | Reached skill level 10 in Armour
  7821 | D:10     | Entered Level 10 of the Dungeon
  7865 | D:10     | Reached XP level 11. HP: 54/101 MP: 10/10
  7886 | D:10     | Reached skill level 11 in Axes
  7891 | D:10     | Received a gift from Yredelemnul
  7898 | D:10     | Reached skill level 10 in Dodging
  7987 | D:10     | Found a staircase to the Lair.
  7989 | D:10     | Reached **** piety under Yredelemnul
  8166 | D:10     | Noticed a four-headed hydra
  8191 | D:10     | Killed a five-headed hydra
  8572 | Lair:1   | Entered Level 1 of the Lair of Beasts
  8799 | Lair:1   | Found a shadowy altar of Dithmenos.
  8903 | Lair:1   | Noticed an eight-headed hydra
  8907 | Lair:1   | Reached ***** piety under Yredelemnul
  8935 | Lair:1   | Mangled by a 13-headed hydra

Action                   |  1- 3 |  4- 6 |  7- 9 | 10-12 || total
-------------------------+-------+-------+-------+-------++-------
Melee: War axe           |    50 |   130 |   307 |   273 ||   760
Throw: Throwing net      |       |       |     1 |       ||     1
Invok: Animate Remains   |       |     1 |    10 |     5 ||    16
       Animate Dead      |       |       |       |    10 ||    10
       Injury Mirror     |       |       |       |     1 ||     1
Evoke: Wand              |       |       |       |     5 ||     5
  Use: Potion            |       |     3 |     1 |     2 ||     6
       Scroll            |       |       |       |    20 ||    20
 Stab: Distracted        |       |       |     2 |       ||     2
  Eat: Chunk             |       |     5 |     3 |     9 ||    17
       Royal jelly       |       |     1 |     3 |     1 ||     5
       Beef jerky        |       |       |     1 |       ||     1
